 Dungeon Crawl Stone Soup version 0.31-a0-210-gccc998df9b (webtiles) character file.

Game seed: 17659030338198275770

902 qw the Skirmisher (level 7, 0/62 HPs)
             Began as a Minotaur Hexslinger on June 30, 2023.
             Slain by an ice beast (2 damage)
             ... on level 5 of the Dungeon.
             The game lasted 00:01:35 (3597 turns).

qw the Skirmisher (Minotaur Hexslinger)             Turns: 3597, Time: 00:01:36

Health: 0/62       AC:  8    Str: 13    XL:     7   Next: 80%
Magic:  7/7        EV: 12    Int: 10    God:
Gold:   272        SH:  5    Dex: 20    Spells: 7/8 levels left

rFire   . . .        Y - +0 sling (freeze)
rCold   . . .        (no shield)
rNeg    . . .        a - +3 ring mail "Weqopisy" {Dex+6}
rPois   .            (helmet restricted)
rElec   .            (no cloak)
rCorr   .            (no gloves)
SInv    +            (no boots)
Will    .....        d - amulet of reflection
Stlth   +            k - ring of see invisible
HPRegen 0.30/turn    (no ring)
MPRegen 0.10/turn

%: reflection
@: no status effects
A: horns 2, retaliatory headbutt
a: no special abilities


You were on level 5 of the Dungeon.
You visited 1 branch of the dungeon, and saw 5 of its levels.

You collected 357 gold pieces.
You spent 85 gold pieces at shops.


Innate Abilities, Weirdness & Mutations

You have a pair of horns on your head.
You reflexively headbutt those who attack you in melee.


   Skills:
 - Level 5.8 Fighting
 + Level 8.0 Ranged Weapons
 - Level 1.0 Armour
 - Level 3.2 Dodging
 - Level 1.0 Spellcasting
 - Level 2.0 Hexes


You had 7 spell levels left.
You knew the following spells:

 Your Spells              Type           Power      Damage    Failure   Level
a - Slow                  Hex            16%        N/A       32%         1

Your spell library contained the following spells:

 Spells                   Type           Power      Damage    Failure   Level
 Inner Flame              Hex/Fire       2%         N/A       82%         3
 Portal Projectile        Hex/Tloc       4%         N/A       82%         3
 Cause Fear               Hex            2%         N/A       97%         4

Inventory:

Hand Weapons
 Y - a +0 sling of freezing (weapon)
Armour
 a - the +3 ring mail "Weqopisy" (worn) {Dex+6}
   (You found it on level 2 of the Dungeon)

   Dex:       It affects your dexterity (+6).
Jewellery
 d - an amulet of reflection (around neck)
 k - a ring of see invisible (left hand)
Scrolls
 c - a scroll of vulnerability {unknown}
 i - a scroll of identify
Potions
 b - a potion of might
 e - a potion of degeneration {unknown}
 f - a potion of curing {unknown}
 g - a potion of experience {unknown}

Dungeon Overview and Level Annotations

Branches:
Dungeon (5/15)
 Temple: D:4-7

Altars:
Uskayaw

Shops:
D:2 :   D:4 (


Message History

Your Ranged Weapons skill increases to level 8!
You shoot a sling bullet. The sling bullet hits the ice beast.
The ice beast is moderately wounded.
The gnoll sergeant hits you from afar with a +0 trident.
The ice beast hits you. The ice beast freezes you!
You shoot a sling bullet. The sling bullet hits the ice beast.
The ice beast is moderately wounded.
You block the ice beast's attack.
The gnoll sergeant hits you from afar with a +0 trident.
You shoot a sling bullet. The sling bullet hits the ice beast!
The ice beast is severely wounded.
You block the ice beast's attack. The gnoll sergeant barely misses you.
You shoot a sling bullet.
The sling bullet hits the ice beast but does no damage.
The ice beast is severely wounded.
The ice beast misses you.
The gnoll sergeant hits you from afar with a +0 trident!
You shoot a sling bullet.
The sling bullet hits the ice beast but does no damage.
The ice beast is severely wounded.
The ice beast hits you but does no damage.
You block the gnoll sergeant's attack.
You shoot a sling bullet. The sling bullet hits the ice beast.
The ice beast is severely wounded.
The ice beast hits you but does no damage.
The gnoll sergeant hits you from afar with a +0 trident!
You shoot a sling bullet.
The sling bullet hits the ice beast but does no damage.
The ice beast is severely wounded.
The ice beast closely misses you. The gnoll sergeant barely misses you.
You shoot a sling bullet.
The sling bullet closely misses the ice beast.
The sling bullet hits the scorpion but does no damage.
The ice beast hits you but does no damage.
The gnoll sergeant hits you from afar with a +0 trident.
You shoot a sling bullet. The sling bullet hits the ice beast.
The ice beast is severely wounded.
The ice beast hits you but does no damage.
The gnoll sergeant barely misses you. The ice beast hits you.
You die...

#.###....##..... #.#
######.#.##.
###%####.....##...
#..%...#...###.... ###
#......#.....#...# ....
#..##..#.......... .$#$.
#..##..#..........
.#$#.g#......#..........
.$#.lsY@.....#...#......
.#$#.h############......
.$#$. ... ##...... ....
>..#####.##.... ###
.................
.................
..........##%....
.............#...
##....###.####.#.


You could see an ice beast, a gnoll sergeant, a scorpion, an iguana and a hound.

Vanquished Creatures
  Prince Ribbit (D:5)
  An ice beast (D:5)
  A black bear (D:4)
  A phantom (D:5)
  5 hounds
  A gnoll bouda (D:5)
  An iguana (D:5)
  An orc wizard (D:4)
  12 adders
  A shadow imp (D:5)
  A white imp (D:5)
  3 worms
  2 dart slugs
  5 orcs
  7 ball pythons
  5 endoplasms
  A giant cockroach (D:1)
  4 hobgoblins
  9 jackals
  13 kobolds
  3 quokkas
  4 bats
  3 frilled lizards
  10 goblins
  4 rats
99 creatures vanquished.

Notes
Turn   | Place    | Note
-------+----------+-------------------------------------------
     0 | D:1      | qw the Minotaur Hexslinger began the quest for the Orb.
     0 | D:1      | Reached XP level 1. HP: 16/16 MP: 1/1
     0 | D:1      | 0 ||| qw: Version: 0.3-a-26-gee661ec
     0 | D:1      | 0 ||| qw: Game counter: 7229
     0 | D:1      | 0 ||| qw: Melee chars always use a shield: true
     0 | D:1      | 0 ||| qw: God list: Okawaru
     0 | D:1      | 0 ||| qw: Allow faded altars: false
     0 | D:1      | 0 ||| qw: Do Orc after clearing Dungeon:15 true
     0 | D:1      | 0 ||| qw: Do second Lair branch before Depths: true
     0 | D:1      | 0 ||| qw: Lair rune preference: random
     0 | D:1      | 0 ||| qw: Goals: Normal
     0 | D:1      | 0 ||| PLANNING D:1-11
   199 | D:1      | Reached skill level 3 in Ranged Weapons
   200 | D:1      | Reached XP level 2. HP: 18/23 MP: 2/2
   565 | D:1      | You fall into a shaft and drop 1 floor!
   600 | D:2      | Reached XP level 3. HP: 25/29 MP: 3/3
   853 | D:2      | Reached skill level 4 in Ranged Weapons
   878 | D:2      | 878 ||| UPGRADING to +0 leather armour.
   888 | D:2      | 888 ||| DROPPING +0 robe.
   889 | D:2      | 889 ||| UPGRADING to +0 ring mail.
   899 | D:2      | 899 ||| DROPPING +0 leather armour.
   900 | D:2      | 900 ||| UPGRADING to amulet of reflection.
   905 | D:2      | 905 ||| UPGRADING to ring of see invisible.
   906 | D:2      | 906 ||| READING scroll labelled QOCOTA YTUQISO.
   907 | D:2      | 907 ||| READING 2 scrolls labelled HAADDI WEINE.
   908 | D:2      | 908 ||| READING scroll labelled LILOEL WYCI.
   911 | D:2      | 911 ||| READING scroll labelled PEAL DOZXYAJ.
   912 | D:2      | 912 ||| READING scroll labelled RANETURUUN.
   913 | D:2      | 913 ||| DROPPING scroll of poison.
   923 | D:2      | 923 ||| FLEEEEING.
   924 | D:2      | 924 ||| FLEEEEING.
   925 | D:2      | 925 ||| FLEEEEING.
   945 | D:2      | Found Ydaegih's Book Boutique.
  1104 | D:1      | Found a faded altar of an unknown god.
  1196 | D:2      | Reached skill level 1 in Armour
  1532 | D:2      | Reached XP level 4. HP: 36/36 MP: 4/4
  1574 | D:2      | Identified the +3 ring mail "Weqopisy" {Dex+6}
  1753 | D:2      | 1753 ||| UPGRADING to +3 ring mail "Weqopisy" {Dex+6}.
  1763 | D:2      | 1763 ||| DROPPING +0 ring mail.
  1764 | D:2      | 1764 ||| READING 2 scrolls of identify.
  1764 | D:2      | 1764 ||| IDENTIFYING smoky amethyst potion
  1765 | D:2      | 1765 ||| DROPPING potion of berserk rage.
  2045 | D:3      | Found a hide-covered altar of Uskayaw.
  2295 | D:4      | Reached skill level 5 in Ranged Weapons
  2404 | D:4      | Reached skill level 3 in Fighting
  2404 | D:4      | Reached XP level 5. HP: 22/45 MP: 5/5
  2517 | D:4      | Noticed a black bear
  2534 | D:4      | Killed a black bear
  2535 | D:4      | Reached skill level 6 in Ranged Weapons
  2537 | D:4      | HP: 10/45 [hound (5)]
  2539 | D:4      | Reached XP level 6. HP: 12/51 MP: 6/6
  2714 | D:4      | Found Buwytumu's Antique Weapon Emporium.
  2721 | D:4      | 2721 ||| BUYING glowing sling (85 gold).
  2721 | D:4      | Bought a glowing sling for 85 gold pieces
  2721 | D:4      | 2721 ||| SWAPPING to +0 sling of freezing.
  2722 | D:4      | 2722 ||| DROPPING +1 sling.
  2998 | D:4      | 2998 ||| READING scroll labelled FAXOL SES FINNOMAM.
  2999 | D:4      | 2999 ||| READING 2 scrolls of identify.
  2999 | D:4      | 2999 ||| IDENTIFYING red potion
  3022 | D:5      | Entered Level 5 of the Dungeon
  3023 | D:5      | 3023 ||| PLANNING SEWER
  3023 | D:5      | Noticed Prince Ribbit
  3043 | D:5      | Killed Prince Ribbit
  3044 | D:5      | Reached XP level 7. HP: 31/62 MP: 7/7
  3350 | D:5      | Reached skill level 7 in Ranged Weapons
  3436 | D:5      | Reached skill level 3 in Dodging
  3589 | D:5      | Reached skill level 8 in Ranged Weapons
  3594 | D:5      | HP: 7/62 [gnoll sergeant/+0 trident (11)]
  3596 | D:5      | HP: 2/62 [gnoll sergeant/+0 trident (6)]
  3597 | D:5      | Slain by an ice beast

Levels and vault maps discovered:
D:1:      erik_arrival_blinker_ship, layout_basic,
          shapermc_ecumenical_altar_mp_vishouse
D:2:      layout_basic, serial_shops, nicolae_shop_advertising_works
          [nicolae_subvault_shop_adworks], grunt_ministairs_9,
          hangedman_glass_teeth
D:3:      layout_rooms, nicolae_uskayaw_dance_hall
D:4:      layout_loops_ring, serial_shops, nicolae_shop_hallway_stairs,
          hangedman_decor_points
D:5:      minmay_polygon_palace, layout_cave_pools, grunt_dithmenos_shadows,
          mainiacjoe_overflow_alcove_1, lightli_sewer_entry_pipes,
          minmay_divided_ellipse, uniq_prince_ribbit1

Skill      XL: |  1  2  3  4  5  6  7 |
---------------+----------------------+-----
Ranged Weapons | 3 4 5 6 8 |  8.0
Fighting       | 2 3 5 |  5.8
Armour         | 1 |  1.0
Dodging        | 3 |  3.2
Spellcasting   | |  1.0
Hexes          | |  2.0

Action                     |  1- 3 |  4- 6 |  7- 9 || total
---------------------------+-------+-------+-------++-------
   Fire: Sling             |   161 |   133 |   112 ||   406
    Use: Scroll            |     5 |     3 |       ||     8
 Armour: Robe              |     7 |       |       ||     7
         Ring mail         |     9 |    41 |    27 ||    77
  Dodge: Dodged            |    41 |    48 |    41 ||   130
  Block: Other             |     4 |    27 |    19 ||    50

Table legend:
 A = Non-vault XP
 B = Vault XP
 C = Vault XP percentage of total XP
 D = Non-vault monster count
 E = Vault monster count
 F = Vault count percentage of total count
                 A         B        C        D         E       F
            +---------+---------+-------+---------+---------+-------
      Total |     648 |     641 |  49.7 |      83 |      16 |  16.2
            +---------+---------+-------+---------+---------+-------
        D:1 |      36 |       0 |   0.0 |      22 |       0 |   0.0
        D:2 |      70 |       3 |   4.1 |      23 |       2 |   8.0
        D:3 |      21 |       0 |   0.0 |       6 |       0 |   0.0
        D:4 |     316 |       0 |   0.0 |      24 |       0 |   0.0
        D:5 |     205 |     638 |  75.7 |       8 |      14 |  63.6
            +---------+---------+-------+---------+---------+-------
